 Dungeon Crawl Stone Soup version 0.32-a0-612-g1c984fe9d1 (webtiles) character file.

Game seed: 11351117404118580845

5103 Aldia the Thaumaturge (level 10, -1/65 HPs)
             Began as an Octopode Alchemist on Mar 4, 2024.
             Was an Initiate of Gozag.
             Slain by a centaur
             ... wielding a +2 heavy spear
              (14 damage)
             ... on level 8 of the Dungeon.
             The game lasted 00:27:43 (7626 turns).

Aldia the Thaumaturge (Octopode Alchemist)          Turns: 7626, Time: 00:27:44

Health: -1/65      AC:  2    Str:  9    XL:     10   Next: 57%
Magic:  7/23       EV: 15    Int: 21    God:    Gozag
Gold:   1181       SH:  0    Dex: 12    Spells: 9/27 levels left

rFire   . . .        F - staff of alchemy
rCold   . . .        (no shield)
rNeg    . . .        C - +1 hat {Stlth+}
rPois   +            b - amulet of magic regeneration
rElec   .            c - ring of wizardry
rCorr   .            (no ring)
SInv    .            (no ring)
Will    .....        (no ring)
Stlth   ++++         (no ring)
HPRegen 0.30/turn    (no ring)
MPRegen 0.58/turn    (no ring)
                     (no ring)

%: wizardry (x1)
@: radiating poison, gold aura
A: almost no armour, amphibious, 8 rings, camouflage 1, gelatinous body 1,
(nimble swimmer 1), tentacles
a: Renounce Religion, Potion Petition, Call Merchant, Bribe Branch


You were on level 8 of the Dungeon.
You worshipped Gozag.
Gozag was most pleased with you.
You visited 2 branches of the dungeon, and saw 9 of its levels.
You also visited: Ossuary.

You collected 1231 gold pieces.
You paid 50 gold pieces to Gozag.

Inventory:

Hand Weapons
 s - the +7 dagger of the Imbibing Big Fish {heavy, rN++ Int+4}
   (You found it on level 4 of the Dungeon)

   Int+4:     It affects your intelligence (+4).
   rN++:      It greatly protects you from negative energy.
Armour
 n - a +0 kite shield
 C - a +1 hat of stealth (worn)
Magical Staves
 F - a staff of alchemy (weapon)
Jewellery
 b - an amulet of magic regeneration (around mantle)
 c - a ring of wizardry (left tentacle)
 y - a ring of ice
Talismans
 E - a beast talisman
Wands
 j - a wand of charming (10)
 m - a wand of mindburst (13)
 p - a wand of roots (8)
 G - a wand of light (9)
 I - a wand of flame (15)
Scrolls
 d - 2 scrolls of enchant weapon
 h - a scroll of revelation {unknown}
 i - 3 scrolls of teleportation
 l - a scroll of amnesia
 o - a scroll of poison
 q - 2 scrolls of immolation
 u - a scroll of silence {unknown}
 w - a scroll of enchant armour {unknown}
 A - a scroll of torment
 B - 2 scrolls of fog
 H - a scroll of identify
Potions
 a - 2 potions of magic
 e - 2 potions of heal wounds
 f - 3 potions of lignification
 g - 8 potions of curing
 k - 2 potions of berserk rage {unknown}
 r - 3 potions of haste
 t - 3 potions of enlightenment
 v - a potion of might {unknown}
 x - 2 potions of brilliance {unknown}
 z - a potion of mutation {unknown}
 D - a potion of cancellation {unknown}


   Skills:
 - Level 4.8 Fighting
 + Level 6.5 Dodging
 - Level 3.0 Stealth
 * Level 9.4 Spellcasting
 - Level 2.0 Conjurations
 - Level 4.0 Fire Magic
 - Level 2.0 Air Magic
 - Level 8.0 Alchemy


You had 9 spell levels left.
You knew the following spells:

 Your Spells              Type           Power      Damage    Failure   Level
a - Sting                 Conj/Alch      100%       1d9       1%          1
b - Mercury Vapours       Alch/Air       92%        N/A       1%          2
c - Mephitic Cloud        Conj/Alch/Air  40%        N/A       1%          3
d - Olgreb's Toxic Radia  Alch           60%        N/A       1%          4
e - Sticky Flame          Fire/Alch      51%        2d9       2%          4
f - Ignite Poison         Fire/Alch      51%        N/A       2%          4

Your spell library contained the following spells:

 Spells                   Type           Power      Damage    Failure   Level
 Shock                    Conj/Air       72%        1d7       1%          1
 Inner Flame              Hex/Fire       18%        N/A       3%          3
 Swiftness                Air            18%        N/A       3%          3
 Irradiate                Conj/Alch      23%        3d19      10%         5
 Airstrike                Air            9%         2d(2-18)  12%         4
 Freezing Cloud           Conj/Ice/Air   7%         6-21      38%         5
 Ignition                 Fire           13%        3d6       100%        8


Dungeon Overview and Level Annotations

Branches:
Dungeon (8/15)             Temple (1/1) D:4         Ossuary (visited)
   Lair: D:8-11

Altars:
Ashenzari
Cheibriados
Dithmenos
Elyvilon
Fedhas
Gozag
Hepliaklqana
Kikubaaqudgha
Makhleb
Nemelex Xobeh
Okawaru
Qazlal
Ru
Sif Muna
Trog
Uskayaw
Vehumet
Wu Jian
Xom
Yredelemnul
Zin
The Shining One
Beogh


Innate Abilities, Weirdness & Mutations

You cannot wear most types of armour.
You are amphibious.
You can wear up to eight rings at the same time.
Your skin changes colour to match your surroundings (Stealth+).
Your rubbery body absorbs attacks. (AC +1, EV +1)
((You are camouflaged when in or above water. (Stealth+)))
You have tentacles for arms and can constrict up to eight enemies at once.


Message History

You feel a surge of power!
You ignite the poison in your surroundings!
The centaur warrior seems to burn from within!!
You kill the centaur warrior!
The cyclops seems to burn from within!!
You kill the cyclops!
A centaur comes into view. It is wielding a +2 heavy spear.
Your Dodging skill increases to level 6!
Your Spellcasting skill increases to level 9!
Unknown command.
Unknown command.
Unknown command.
Which direction?
Unknown command.
Which direction?
As you close the door, it creaks loudly!
You start resting.
A cyclops comes into view.
A shadow comes into view.
Found a thick smoking staff.
The centaur hits you with a +2 heavy spear!
* * * LOW HITPOINT WARNING * * *
The centaur misses you.
There is a broken door, spattered with blood here.
Unknown command.
Unknown command.
Unknown command.
Unknown command.
Press: ? - help, v - describe, . - travel
Here: a centaur, wielding a +2 heavy spear and wearing a ring of fire The floor.
Unknown command.
Casting: Ignite Poison (dangerous; 2% risk of failure)
Confirm with . or Enter, or press ? or * to list all spells.
You feel a surge of power!
You begin to radiate toxic energy.
The cyclops is poisoned.
The centaur is poisoned.
The cyclops looks even sicker.
The centaur hits you with a +2 heavy spear!
You die...
Your body crumbles into a pile of gold.

#...#
#......#....
##...####.#.##
.....#.#.#..
#..#..# #|W)#
.......###..
##.....####$##
...... ...P.
#..#.#..# #C#
#....
##.).....###.#
###.
#..#.#.#..##.#
#.
##.........##c#
##
#'#'#######'#@#
# #.##..
#....## #
##.##.## #.##.#
. #.).##. ##
### ##
##...##.# #
#.....##. #
##.....##.# #
#.##.##.#
##.#.#.###


You could see a cyclops (very poisoned), a shadow and a centaur (poisoned).

Vanquished Creatures
  A centaur warrior (D:8)
  A deep elf pyromancer (D:8)
  A cyclops (D:8)
  Joseph (D:8)
  A slime creature (D:8)
  Sigmund (D:3)
  A basilisk (D:8)
  A steam dragon (D:8)
  3 orc warriors (D:6)
  An ice beast (D:6)
  2 sky beasts
  3 black bears
  An ogre (D:7)
  2 phantoms
  3 scorpions
  11 wights
  2 bombardier beetles
  3 hounds
  2 jellies (D:6)
  9 orc priests
  2 iguanas
  A sleepcap (D:7)
  4 orc wizards
  9 mummies
  3 gnolls (D:6)
  5 adders
  A white imp (D:7)
  4 ufetubi
  The ghost of bakla the Sneak, a weakling CoDe (D:6)
  4 dart slugs
  A ribbon worm (D:2)
  27 orcs
  A bat (D:2)
  5 endoplasms
  3 giant cockroaches
  5 goblins
  5 hobgoblins
  5 kobolds
  9 quokkas
  4 ball pythons
  6 frilled lizards
  2 gnoll zombies (Ossuary)
  3 hobgoblin zombies (Ossuary)
  2 kobold zombies (Ossuary)
  An orc zombie (Ossuary)
  7 rats
  A butterfly (D:6)
171 creatures vanquished.

Notes
Turn   | Place    | Note
-------+----------+-------------------------------------------
     0 | D:1      | Aldia the Octopode Alchemist began the quest for the Orb.
     0 | D:1      | Reached XP level 1. HP: 11/11 MP: 3/3
   224 | D:1      | Reached XP level 2. HP: 17/17 MP: 1/5
   229 | D:1      | Learned a level 2 spell: Mercury Vapours
   661 | D:1      | Found a faded altar of an unknown god.
   666 | D:1      | Reached XP level 3. HP: 15/22 MP: 3/6
   670 | D:1      | Learned a level 3 spell: Mephitic Cloud
   996 | D:2      | Reached skill level 1 in Fighting
  1237 | D:2      | Reached skill level 1 in Air Magic
  1237 | D:2      | Reached XP level 4. HP: 14/28 MP: 7/7
  1929 | D:3      | Noticed Sigmund
  1954 | D:3      | Reached XP level 5. HP: 12/34 MP: 9/9
  2072 | D:3      | Killed Sigmund
  2073 | D:3      | Reached skill level 3 in Spellcasting
  2073 | D:3      | Reached XP level 6. HP: 41/41 MP: 7/11
  2085 | D:3      | Learned a level 4 spell: Olgreb's Toxic Radiance
  2137 | D:3      | Reached skill level 5 in Alchemy
  2501 | D:4      | Found a staircase to the Ecumenical Temple.
  2506 | D:4      | Identified the +7 dagger of the Imbibing Big Fish {heavy,
                  | rN++ Int+4}
  2514 | Temple   | Entered the Ecumenical Temple
  2524 | Temple   | Became a worshipper of Gozag Ym Sagoz the Greedy
  2575 | D:4      | Reached XP level 7. HP: 28/46 MP: 12/12
  2930 | D:4      | Reached skill level 4 in Spellcasting
  2944 | D:4      | Found a sparkling altar of Nemelex Xobeh.
  3329 | D:5      | Entered Level 5 of the Dungeon
  3776 | D:5      | Found a sand-covered staircase.
  3838 | D:5      | Learned a level 4 spell: Sticky Flame
  3839 | Ossuary  | Entered an ossuary
  3927 | Ossuary  | Reached skill level 1 in Fire Magic
  4359 | D:5      | Reached XP level 8. HP: 38/52 MP: 14/14
  4580 | D:5      | Found a sacrificial altar of Ru.
  5004 | D:6      | Found a blossoming altar of Fedhas.
  5022 | D:6      | Reached skill level 5 in Spellcasting
  5056 | D:6      | Found a shimmering altar of Xom.
  5259 | D:6      | Found a runed translucent gate.
  5260 | D:6      | Found a runed translucent gate.
  5260 | D:6      | Noticed bakla's ghost (weakling CoDe)
  5262 | D:6      | Found a runed translucent gate.
  5295 | D:6      | Reached XP level 9. HP: 36/58 MP: 11/17
  5308 | D:6      | Learned a level 4 spell: Ignite Poison
  5568 | D:6      | Found a roughly hewn altar of Beogh.
  5741 | D:6      | Killed bakla's ghost
  5769 | D:6      | Identified the +0 helmet of Incorporation {rF+ rC+ Regen+}
  6028 | D:7      | Reached skill level 6 in Spellcasting
  6176 | D:7      | Identified 2 scrolls of acquirement
  6907 | D:7      | Acquired a staff of alchemy
  6910 | D:7      | Acquired a +1 hat of stealth
  6949 | D:8      | Found an ancient bone altar of Kikubaaqudgha.
  7188 | D:8      | Reached skill level 7 in Spellcasting
  7195 | D:8      | Noticed Joseph
  7205 | D:8      | Killed Joseph
  7207 | D:8      | Reached skill level 5 in Dodging
  7402 | D:8      | Found a stormy altar of Qazlal.
  7440 | D:8      | Reached skill level 8 in Spellcasting
  7440 | D:8      | Reached XP level 10. HP: 57/65 MP: 14/22
  7616 | D:8      | Noticed a deep elf pyromancer
  7616 | D:8      | Noticed a centaur warrior
  7617 | D:8      | Noticed a cyclops
  7619 | D:8      | Killed a deep elf pyromancer
  7620 | D:8      | Killed a centaur warrior
  7620 | D:8      | Killed a cyclops
  7621 | D:8      | Reached skill level 9 in Spellcasting
  7624 | D:8      | Noticed a cyclops
  7626 | D:8      | Slain by a centaur

Illustrated notes

Levels and vault maps discovered:
D:1:      minmay_arrival_hallway, layout_loops_ring,
          shapermc_ecumenical_altar_notcrosses, st_stairs_13, minivault_26,
          bh_walls_and_bars
D:2:      layout_loops_ring
D:3:      layout_loops_ring, uniq_sigmund
D:4:      layout_basic, nemelex_spade_bored_becter, minmay_temple_entry_wispy
D:5:      layout_loops_corners, nicolae_ru_path_of_blood,
          gup_ossuary_entry_pyramid, chequers_hall_statues_y
D:6:      layout_basic, xom_butterflies, fedhas_ov_isle_minmay,
          biasface_ghost_orc_armoury
D:7:      layout_basic
D:8:      minmay_the_grid_triangle_9x9_rhombus_thin
          [minmay_the_grid_triangle_9x9_negative_grid,
          minmay_the_grid_triangle_9x9_prize_insulated,
          minmay_the_grid_triangle_9x9_warning,
          minmay_the_grid_triangle_9x9_longest], layout_cave_pools,
          nicolae_qazlal_beasts_of_the_sky, kiku_gazebo_garden_becter,
          serial_co_window_serial, co_window_paths_b, co_window_paths_b,
          co_window_of_opportunity_a, co_window_paths_b, co_window_corner_a,
          co_window_paths_a, co_window_paths_a, co_window_broadway_b,
          co_window_of_opportunity_b, co_window_paths_c, co_window_corner_b,
          co_window_unsneaky_path_a, co_window_paths_e, glass_columns_a,
          glass_columns_b, glass_columns_a, uniq_joseph
Temple:   nicolae_temple_elliptical

Skill      XL: |  1  2  3  4  5  6  7  8  9 10 |
---------------+-------------------------------+-----
Stealth        | 3 |  3.0
Fighting       | 1 2 3 4 |  4.8
Alchemy        | 4 5 6 7 8 |  8.0
Air Magic      | 1 2 |  2.0
Spellcasting   | 3 4 5 8 9 |  9.4
Conjurations   | 2 |  2.0
Fire Magic     | 1 4 |  4.0
Dodging        | 3 5 6 |  6.5

Action                     |  1- 3 |  4- 6 |  7- 9 | 10-12 || total
---------------------------+-------+-------+-------+-------++-------
  Melee: Whip              |     1 |       |       |       ||     1
         Dagger            |    14 |    30 |    86 |       ||   130
         Constrict         |     3 |     8 |    34 |       ||    45
         Tentacles         |     1 |     7 |    27 |     1 ||    36
         Staff             |       |       |    10 |     4 ||    14
   Cast: Sting             |    57 |    49 |     3 |       ||   109
         Mercury Vapours   |     1 |     1 |       |       ||     2
         Mephitic Cloud    |       |     6 |     1 |       ||     7
         Sticky Flame      |       |       |    21 |     2 ||    23
         Olgreb's Toxic Ra |       |       |    14 |     3 ||    17
         Ignite Poison     |       |       |     5 |     4 ||     9
    Use: Scroll            |     2 |     3 |     9 |       ||    14
         Potion            |       |       |     2 |       ||     2
   Stab: Sleeping          |     2 |     2 |    12 |       ||    16
         Confused          |       |     1 |       |       ||     1
 Armour: Skin              |    11 |    16 |    61 |     9 ||    97
  Dodge: Dodged            |    13 |    23 |    76 |     5 ||   117
         Form:             |       |       |     1 |       ||     1
         Beast             |       |       |     1 |       ||     1

Table legend: (Time is in decaauts)
 A = Elapsed time spent in this place.
 B = Non-inter-level travel time spent in this place.
 C = Inter-level travel time spent in this place.
 D = Time resting spent in this place.
 E = Time spent auto-exploring this place.
 F = Levels seen in this place.
 G = Mean time per level.
                   A        B        C        D        E       F      G
               +--------+--------+--------+--------+--------+-----+--------+
         Total |   7675 |   7258 |    417 |    344 |   5452 |  10 |  767.5 |
       Dungeon |   7308 |   6909 |    399 |    301 |   5299 |   8 |  913.5 |
        Temple |     20 |      2 |     18 |      0 |      0 |   1 |   20.0 |
       Ossuary |    345 |    345 |      0 |     43 |    153 |   1 |  345.0 |
               +--------+--------+--------+--------+--------+-----+--------+

Top non-repeatable levels by time:
     D:5: 1187 daAuts
     D:7: 1131 daAuts
     D:6: 992 daAuts
     D:1: 973 daAuts
     D:4: 883 daAuts
     D:3: 769 daAuts
     D:2: 686 daAuts
     D:8: 683 daAuts
 Ossuary: 345 daAuts
  Temple: 20 daAuts
